Map: Persephone LE

Players

Sindyr - Winner!

  • Race: Protoss Protoss
  • League: Master
  • Spawn Location: 11:00

VOD

Have the link to the VOD?

Description

Time

  • Played on: Oct. 10, 2025, 12:41 p.m.
  • Length: 18:05
Show
View Real Time Build Order
Export as new Build Order

Sindyr Protoss - Winner!

Build Orders:  

Get SALT Encoding   

  12  0:04  Probe (Chrono Boost)  
  14  0:21  Probe (Chrono Boost)  
  14  0:26  Pylon  
  14  0:38  Probe (Chrono Boost)  
  15  0:52  Gateway  
  15  1:01  Assimilator  
  15  1:06  Probe (Chrono Boost)  
  16  1:21  Probe (Chrono Boost)  
  17  1:33  Probe (Chrono Boost)  
  18  1:44  Probe (Chrono Boost)  
  18  1:48  Pylon  
  19  1:59  Probe (Chrono Boost)  
  20  2:06  Cybernetics Core  
  20  2:16  Probe (Chrono Boost)  
  21  2:33  Probe (Chrono Boost)  
  21  2:36  Assimilator  
  22  2:50  Nexus  
  22  3:17  Probe (Chrono Boost)  
  23  3:34  Probe (Chrono Boost)  
  25  3:51  Probe (Chrono Boost)  
  25  4:09  Warp Gate  
  25  4:35  Probe (Chrono Boost)  
  25  4:36  Probe (Chrono Boost)  
  27  4:47  Probe x2 (Chrono Boost)  
  27  4:59  Probe (Chrono Boost)  
  29  5:00  Probe (Chrono Boost)  
  31  5:16  Probe (Chrono Boost)  
  31  5:17  Probe (Chrono Boost)  
  33  5:23  Gateway  
  33  5:28  Gateway  
  33  5:33  Probe (Chrono Boost)  
  33  5:34  Probe (Chrono Boost)  
  37  5:50  Probe (Chrono Boost)  
  37  5:51  Probe (Chrono Boost)  
  37  6:09  Stalker  
  39  6:28  Assimilator  
  39  6:31  Assimilator  
  39  6:42  Gateway  
  39  6:48  Pylon  
  39  6:52  Pylon  
  38  7:08  Probe (Chrono Boost)  
  38  7:09  Probe (Chrono Boost)  
  38  7:24  Forge  
  38  7:25  Probe (Chrono Boost)  
  38  7:26  Probe (Chrono Boost)  
  38  7:28  Forge  
  38  7:29  Gateway  
  40  7:36  Pylon  
  40  7:42  Probe x2 (Chrono Boost)  
  42  7:59  Probe x2 (Chrono Boost)  
  44  8:16  Probe x2 (Chrono Boost)  
  44  8:18  Stalker  
  44  8:19  Stalker  
  50  8:20  Stalker  
  50  8:23  Stalker  
  50  8:25  Protoss Ground Weapons Level 1, Protoss Ground Armor Level 1  
  54  8:33  Probe x2 (Chrono Boost)  
  56  8:54  Nexus  
  56  9:00  Twilight Council  
  56  9:11  Robotics Facility  
  56  9:16  Pylon  
  56  9:28  Pylon  
  56  9:39  Stalker  
  58  9:40  Stalker x4  
  66  10:07  Pylon  
  66  10:16  Assimilator  
  66  10:22  Assimilator  
  66  10:23  Immortal  
  70  10:50  Probe x2 (Chrono Boost)  
  70  10:51  Probe (Chrono Boost)  
  73  11:01  Probe x2 (Chrono Boost)  
  73  11:02  Probe (Chrono Boost)  
  73  11:09  Stalker x5  
  86  11:13  Protoss Shields Level 1  
  86  11:14  Probe x3 (Chrono Boost)  
  89  11:26  Protoss Ground Weapons Level 2  
  90  11:31  Probe (Chrono Boost)  
  90  11:33  Observer  
  91  11:58  Observer  
  92  12:32  Blink  
  92  12:41  Zealot x5  
  101  13:23  Nexus  
  100  13:31  Protoss Ground Armor Level 2  
  100  13:33  Immortal  
  104  13:54  Nexus  
  102  14:12  Protoss Ground Weapons Level 3  
  102  14:36  Gateway  
  102  14:38  Gateway  
  102  14:40  Charge  
  102  14:41  Gateway  
  102  14:43  Gateway  
  102  15:20  Observer  
  107  15:30  Probe x3 (Chrono Boost)  
  107  15:31  Probe (Chrono Boost)  
  107  15:47  Probe x2 (Chrono Boost)  
Tags
 
League
Master
Matchup
Co-op
Replay Pack
Multiplayer
Add a new tag
Caveats
  • Supply blocks, unpowered buildings, or Contaminate may cause inaccurate times.
  • Supply counts are checked every 10 seconds.